 Dungeon Crawl Stone Soup version 0.31-a0-1008-g5b978dac0e (webtiles) character file.

Game seed: 16906953173998626915

1962 Colgate the Grappler (level 9, -1/80 HPs)
             Began as a Troll Shapeshifter on Nov 13, 2023.
             Was a Believer of Hepliaklqana.
             Slain by a sky beast (6 damage)
             ... on level 6 of the Dungeon.
             The game lasted 00:18:09 (4762 turns).

Colgate the Grappler (Troll Shapeshifter)           Turns: 4762, Time: 00:18:10

Health: -1/80      AC:  4    Str: 27 (28) XL:     9   Next: 0%
Magic:  8/8        EV: 14    Int:  6      God:    Hepliaklqana [**....]
Gold:   282        SH:  0    Dex:  9      Spells: 8/8 levels left

rFire   . .          .
                       - Unarmed
rCold   . . .        (no shield)
rNeg    . . .        a - +0 animal skin
rPois   .            (helmet currently unavailable)
rElec   .            (cloak currently unavailable)
rCorr   .            (gloves unavailable)
SInv    .            (boots unavailable)
Will    .....        (no amulet)
Stlth   +            l - +5 ring of evasion
HPRegen 1.13/turn    (no ring)
MPRegen 0.11/turn

%: no passive effects
@: beast-form, studying Fighting
A: beast (slay +1), reduced essence, large, unfitting armour, claws 3,
regeneration 1, shaggy fur 1, tough skin 1
a: Begin Untransformation, Renounce Religion, Recall Ancestor, Ancestor Identity


You were on level 6 of the Dungeon.
You worshipped Hepliaklqana.
Hepliaklqana was pleased with you.
You were a hulking beast.
You visited 2 branches of the dungeon, and saw 7 of its levels.

You collected 282 gold pieces.

Inventory:

Missiles
 w - 5 large rocks
Armour
 a - a +0 animal skin (worn)
 i - a scarf of repulsion
 o - a +0 cloak
Jewellery
 l - a +5 ring of evasion (left claw)
Talismans
 c - a beast talisman
 d - a flux talisman
Wands
 t - a wand of flame (19)
Scrolls
 g - a scroll of poison {unknown}
 k - a scroll of torment
 m - 2 scrolls of amnesia {unknown}
 p - a scroll of immolation {unknown}
 q - 2 scrolls of teleportation {unknown}
 r - a scroll of summoning {unknown}
 u - 2 scrolls of identify {@r1}
Potions
 b - a potion of lignification
 e - a potion of curing {@q1}
 f - a potion of resistance {unknown}
 h - 2 potions of degeneration
 j - 3 potions of cancellation
 n - a potion of attraction
 s - a potion of heal wounds {unknown}
 v - a potion of ambrosia {unknown}


   Skills:
 + Level 5.7 Fighting
 - Level 1.5 Dodging
 - Level 10.5 Unarmed Combat
 - Level 3.0 Shapeshifting


You had 8 spell levels left.
You didn't know any spells.
Your spell library contained the following spells:

 Spells                   Type           Power      Damage    Failure   Level
 Freeze                   Ice            0%         1d3       45%         1
 Ensorcelled Hibernation  Hex/Ice        0%         N/A       58%         2
 Passwall                 Tmut/Erth      0%         N/A       58%         2
 Frozen Ramparts          Ice            0%         1d1       83%         3
 Hailstorm                Conj/Ice       0%         3d3       83%         3
 Swiftness                Air            0%         N/A       83%         3
 Summon Forest            Summ/Tloc      0%         N/A       100%        5
 Summon Mana Viper        Hex/Summ       0%         N/A       100%        5
 Summon Cactus Giant      Summ           0%         N/A       100%        6


Dungeon Overview and Level Annotations

Branches:
Dungeon (6/15)             Temple (1/1) D:5

Altars:
Ashenzari
Cheibriados
Dithmenos
Fedhas
Hepliaklqana
Kikubaaqudgha
Okawaru
Qazlal
Trog
Uskayaw
Vehumet
Xom
Yredelemnul
Zin
The Shining One

Shops:
D:5 (


Innate Abilities, Weirdness & Mutations

You are a hulking beast.
Your limbs bulge with bestial killing power. (Slay +1)
Your life essence is reduced to manifest your ancestor. (-10% HP)
You are too large for most types of armour.
You have claws for hands.
Your natural rate of healing is unusually fast.
You are covered in fur. (AC +1)
You have tough skin. (AC +1)


Message History

Busisiwe is destroyed!
A sky beast appears from thin air!
Reactivating autopickup.
The sky beast flickers out of sight!
Deactivating autopickup; reactivate with Ctrl-A.
Something hits you but does no damage. Something hits you.
Something shocks you. Something hits you. Something shocks you.
A sky beast appears from thin air!
Reactivating autopickup.
The sky beast hits you. The sky beast shocks you.
* * * LOW HITPOINT WARNING * * *
The sky beast attacks as it pursues you!
The sky beast hits you.
* * * LOW HITPOINT WARNING * * *
The sky beast shocks you.
* * * LOW HITPOINT WARNING * * *
The sky beast attacks as it pursues you!
The sky beast barely misses you. The sky beast hits you.
* * * LOW HITPOINT WARNING * * *
The sky beast shocks you.
* * * LOW HITPOINT WARNING * * *
The sky beast attacks as it pursues you!
The sky beast hits you but does no damage.
The sky beast closely misses you. The sky beast closely misses you.
The sky beast hits you.
* * * LOW HITPOINT WARNING * * *
The sky beast shocks you.
* * * LOW HITPOINT WARNING * * *
The sky beast attacks as it pursues you!
The sky beast closely misses you. The sky beast hits you.
* * * LOW HITPOINT WARNING * * *
The sky beast shocks you.
* * * LOW HITPOINT WARNING * * *
You feel yourself speed up. The sky beast hits you.
* * * LOW HITPOINT WARNING * * *
The sky beast shocks you.
You die...

######### #.......# ####
#.......# ...### ##....#..##
.....# #......#..# .....#
#......##.## .....# ##.Y.....#..#
###.###########.h..8...##.# #
#....>...[.).†.......##.# #
#####.#....).#......###.#######
#######.........##...####........
......###........#######..####..#
##....# #..........####..## ##.#
#....###...............#### #.#
#.......####.###.......R..# #.#
#.......# #...#..........# #.#


You could see a sky beast.

Vanquished Creatures
  A cyclops (D:6)
  Eustachio (D:5)
  2 ogres (D:5)
  A phantom (D:6)
  2 bullfrogs
  2 scorpions (D:5)
  A jelly (D:5)
  3 hounds
  4 iguanas
  An orc wizard (D:5)
  5 adders
  2 white imps
  4 worms
  3 dart slugs
  14 orcs
  3 bats
  3 endoplasms
  5 giant cockroaches
  10 hobgoblins
  4 jackals (D:4)
  4 quokkas
  7 ball pythons
  2 frilled lizards
  10 goblins
  10 kobolds
  4 rats (D:2)
108 creatures vanquished.

Vanquished Creatures (collateral kills)
  3 ice beasts
  A phantom (D:6)
  2 kobold brigands (D:6)
  An orc wizard (D:6)
  An adder (D:6)
  3 kobolds
11 creatures vanquished.

Vanquished Creatures (others)
  A battlemage (D:6)
  An ancestor (D:5)
2 creatures vanquished.

Grand Total: 121 creatures vanquished

Notes
Turn   | Place    | Note
-------+----------+-------------------------------------------
     0 | D:1      | Colgate the Troll Shapeshifter began the quest for the Orb.
     0 | D:1      | Reached XP level 1. HP: 18/18 MP: 0/0
   199 | D:1      | Reached XP level 2. HP: 26/26 MP: 1/1
   365 | D:1      | Reached skill level 4 in Unarmed Combat
   771 | D:1      | Reached XP level 3. HP: 32/32 MP: 2/2
  1064 | D:2      | Reached XP level 4. HP: 40/40 MP: 3/3
  1187 | D:2      | Reached skill level 5 in Unarmed Combat
  1443 | D:3      | You fall into a shaft and drop 3 floors!
  1448 | D:6      | Noticed a bullfrog
  1448 | D:6      | Noticed an ice beast
  1463 | D:6      | Noticed a phantom
  1476 | D:5      | Entered Level 5 of the Dungeon
  1481 | D:5      | Killed a bullfrog
  1482 | D:5      | Reached XP level 5. HP: 39/46 MP: 4/4
  1492 | D:5      | Noticed an ogre
  1519 | D:5      | Reached skill level 6 in Unarmed Combat
  1523 | D:5      | Killed an ogre
  1524 | D:5      | Reached XP level 6. HP: 45/57 MP: 5/5
  1573 | D:5      | Found a staircase to the Ecumenical Temple.
  1581 | Temple   | Entered the Ecumenical Temple
  1607 | Temple   | Became a worshipper of Hepliaklqana the Forgotten
  1704 | D:5      | Noticed Eustachio
  1721 | D:5      | Killed Eustachio
  1722 | D:5      | Reached skill level 7 in Unarmed Combat
  1840 | D:5      | Reached XP level 7. HP: 63/66 MP: 6/6
  1890 | D:5      | Reached skill level 8 in Unarmed Combat
  2313 | D:3      | Reached * piety under Hepliaklqana
  4210 | D:5      | Found Kousiula's Weapon Shoppe.
  4309 | D:5      | Reached ** piety under Hepliaklqana
  4310 | D:5      | Remembered your ancestor Busisiwe as a battlemage
  4525 | D:5      | Reached XP level 8. HP: 61/70 MP: 7/7
  4647 | D:6      | Noticed a cyclops
  4651 | D:6      | Reached skill level 9 in Unarmed Combat
  4663 | D:6      | Killed a cyclops
  4664 | D:6      | Reached skill level 10 in Unarmed Combat
  4739 | D:6      | Reached skill level 5 in Fighting
  4741 | D:6      | Reached XP level 9. HP: 23/80 MP: 8/8
  4760 | D:6      | HP: 3/80 [sky beast (6)]
  4762 | D:6      | Slain by a sky beast

Illustrated notes

Levels and vault maps discovered:
D:1:      mrwooster_arrival_statue_3, layout_basic
D:2:      layout_basic, item_on_display_a
D:3:      layout_basic, minmay_misc_feat_x,
          nicolae_concentric_dashed_squares_mild
D:4:      layout_loops_corners
D:5:      layout_basic, minmay_temple_entry_gardened_gates, serial_shops,
          nicolae_stop_n_shop_1, uniq_eustachio
D:6:      minmay_spotlight, layout_basic, minmay_manual_moon
Temple:   bh_familiar_temple

Skill      XL: |  1  2  3  4  5  6  7  8 |
---------------+-------------------------+-----
Unarmed Combat | 4 5 6 7 8 10 | 10.5
Fighting       | 2 4 5 |  5.7
Dodging        | |  1.5
Shapeshifting  | |  3.0

Action                     |  1- 3 |  4- 6 |  7- 9 || total
---------------------------+-------+-------+-------++-------
  Melee: Unarmed           |    95 |    78 |    93 ||   266
         Punch             |     1 |     1 |     4 ||     6
 Invoke: Recall Ancestor   |       |       |     2 ||     2
         Ancestor Life: Ba |       |       |     1 ||     1
    Use: Scroll            |       |     2 |       ||     2
         Potion            |       |       |     3 ||     3
   Stab: Sleeping          |     1 |       |       ||     1
         Distracted        |       |       |     1 ||     1
 Armour: Animal skin       |    62 |    33 |    53 ||   148
  Dodge: Dodged            |    36 |    40 |    41 ||   117

Table legend: (Time is in decaauts)
 A = Elapsed time spent in this place.
 B = Non-inter-level travel time spent in this place.
 C = Inter-level travel time spent in this place.
 D = Time resting spent in this place.
 E = Time spent auto-exploring this place.
 F = Levels seen in this place.
 G = Mean time per level.
                   A        B        C        D        E       F      G
               +--------+--------+--------+--------+--------+-----+--------+
         Total |   4749 |   4485 |    264 |     12 |   3682 |   7 |  678.4 |
       Dungeon |   4699 |   4477 |    222 |     12 |   3682 |   6 |  783.2 |
        Temple |     50 |      8 |     42 |      0 |      0 |   1 |   50.0 |
               +--------+--------+--------+--------+--------+-----+--------+

Top non-repeatable levels by time:
     D:5: 1108 daAuts
     D:4: 1035 daAuts
     D:3: 867 daAuts
     D:1: 787 daAuts
     D:2: 614 daAuts
     D:6: 284 daAuts
  Temple: 50 daAuts
